 Dungeon Crawl Stone Soup version 0.14-a0-2381-g4cacdb4 (webtiles) character file.

202175 Gorice the Executioner (level 18, -3/163 HPs)
             Began as a Hill Orc Wanderer on Feb 1, 2014.
             Was the Champion of Okawaru.
             Slain by an emperor scorpion (4 damage)
             ... on Level 5 of the Spider Nest on Feb 2, 2014.
             The game lasted 07:20:56 (44624 turns).

Gorice the Executioner (Hill Orc Wanderer)         Turns: 44624, Time: 07:20:57

HP  -3/163       AC 35     Str 20      XL: 18   Next: 48%
MP   1/30        EV 12     Int 19      God: Okawaru [******]
Gold 2539        SH  0     Dex  9      Spells:  0 memorised, 19 levels left

rFire  + . .     SeeInvis +     a - +3,+0 executioner's axe (flame) {Rupe's}
rCold  + . .     Clarity  .     K - +3 plate armour {rF+}
rNeg   + . .     Conserve .     (no shield)
rPois  +         rCorr    .     h - +2 dwarf helmet {Int+3}
rElec  +         rRot     .     Q - +2 cloak "Shrurouso" {rPois rN+ Dam+2}
SustAb . .       Spirit   .     t - -2 pair of gloves "Fedwiax" {rElec rC+ MR++}
rMut   .         Warding  .     P - +1 pair of boots {+Jump}
Saprov + . .     Stasis   .     T - amulet of faith
MR     ++...                    O - +4 ring of evasion
                                G - ring of see invisible

@: mildly poisoned, very slightly contaminated, heroism, very resistant to
hostile enchantments, extremely unstealthy
A: saprovore 1
a: Heroism, Finesse, Renounce Religion, Evoke Jump Attack
}: 1/15 runes: decaying


You were on level 5 of the Spider Nest.
You worshipped Okawaru.
Okawaru was exalted by your worship.
You were very hungry.

You visited 6 branches of the dungeon, and saw 38 of its levels.
You visited 1 bazaar.
You also visited: Volcano.

You collected 3948 gold pieces.
You spent 1409 gold pieces at shops.

Inventory:

Hand weapons
 a - a +3,+0 executioner's axe of flaming (weapon) {Rupe's}
 b - a +1,+2 sling of frost
 e - a +0,+0 executioner's axe of electrocution
 B - a +4 blowgun {Sonja's}
Missiles
 j - 7 tomahawks (quivered)
 x - 17 curare-tipped needles
 y - 100 sling bullets
 Y - 2 throwing nets
 Z - 26 stones
Armour
 h - a +2 dwarven helmet of intelligence (worn)
 t - the -2 pair of gloves "Fedwiax" (worn) {rElec rC+ MR++}
   (You acquired it on level 1 of the Swamp)

   It protects you from cold.
   It insulates you from electricity.
   It affects your resistance to hostile enchantments.
 K - a +3 plate armour of fire resistance (worn)
 P - a +1 pair of boots of jumping (worn)
 Q - the +2 cloak "Shrurouso" (worn) {rPois rN+ Dam+2}
   (You found it on level 6 of the Lair of Beasts)

   It affects your damage with ranged weapons and melee attacks (+2).
   It protects you from poison.
   It protects you from negative energy.
Magical devices
 o - a wand of paralysis (8)
 r - a wand of polymorph (12)
 w - a wand of lightning (2)
 D - a wand of disintegration (11)
 N - a wand of digging (18)
Comestibles
 k - 3 apples
 F - 7 bread rations
Scrolls
 f - 2 scrolls of fear
 g - 2 scrolls of blinking
 I - 2 scrolls of fog
Jewellery
 c - an uncursed amulet of resist mutation
 m - an uncursed ring of ice
 n - an uncursed amulet of warding
 q - an uncursed ring of flight
 s - an uncursed ring of regeneration
 u - the ring "Utamuen" {SustAb rF+}
   (You bought it in a shop on level 4 of the Orcish Mines)

   [ring of sustain abilities]

   It protects you from fire.
 G - a ring of see invisible (left hand)
 O - a +4 ring of evasion (right hand)
 T - an amulet of faith (around neck)
Potions
 p - a potion of agility
 z - 3 potions of curing
 A - a potion of might
 C - a potion of speed
 H - 2 potions of heal wounds
 J - a potion of resistance
 V - 2 potions of invisibility
Miscellaneous
 d - a disc of storms
 i - a fan of gales


   Skills:
 + Level 15.3(20.3) Fighting
 + Level 24.5(27) Axes
 + Level 19.5(24.5) Armour
 - Level 1.5(6.5) Stealth
 - Level 1.0 Spellcasting
   Level 1.0 Charms
   Level 1.0 Necromancy
 - Level 8.0 Invocations
 - Level 9.1 Evocations


You had 19 spell levels left.
You didn't know any spells.

Dungeon Overview and Level Annotations

Branches:
Dungeon (15/16)            Temple (1/1) D:7             Orc (4/4) D:10
    Elf (0/3) Orc:3          Lair (8/8) D:11          Swamp (5/5) Lair:5
 Spider (5/5) Lair:3        Slime (0/6) Lair:7       Vaults (0/5) D:14

Altars:
Dithmengos
Kikubaaqudgha
Okawaru
Vehumet
The Shining One
Beogh

Shops:
D:7 %   D:12 :   Orc:4 ==:(

Annotations:
D:15 exclusion: 4 oklob plants


Innate Abilities, Weirdness & Mutations

You can tolerate rotten meat.


Message History

The emperor scorpion barely misses you.
You slash the emperor scorpion! You burn the emperor scorpion.
The emperor scorpion is almost dead.
The emperor scorpion closely misses you.
The emperor scorpion barely misses you.
The emperor scorpion claws you but does no damage.
You hit the emperor scorpion but do no damage.
The emperor scorpion is almost dead.
The emperor scorpion stings you!
* * * LOW HITPOINT WARNING * * *
The emperor scorpion claws you but does no damage.
The emperor scorpion misses you.
Your plate armour prevents you from hitting the emperor scorpion.
The emperor scorpion is almost dead.
The emperor scorpion stings you!
* * * LOW HITPOINT WARNING * * *
The emperor scorpion claws you!
* * * LOW HITPOINT WARNING * * *
The emperor scorpion claws you.
You die...

##.#.###...^#...........#^.#
..###^##....#...##.##......#
..#...#...###.######..##^..###
#.#^............##.....#.....#
..^#....#.....).#...####.#...#
.#^...##....^...#^).##...#..##
.##^...#..##.######.##########
..#####.^..#.#.#.#^.# ###.#..#
..^##.#.##....ys@#..###...##^#
...#.........#####..##..##.#.#
...#.......#.#####.......#...#
.####...^#.....#.#^.....##...#
........^y..#.)#.#^.##...#.###
#....#...#..#..^....#...####.#
###...^#.#..#..#..#...#^^^#..#
........y...##^#.##^###..#...#
.......)..^.######### ########


You could see an emperor scorpion (berserk) and a moth of wrath.

Vanquished Creatures
  Norris (D:14)
  A bone dragon (Swamp:5)
  Rupert (D:14)
  3 ghost moths (Spider:5)
  3 ghouls (Swamp:1)
  Donald (D:14)
  An emperor scorpion (Spider:1)
  The ghost of wojtek the Unseen, a powerful KoAs of Dithmengos (Lair:3)
  A minotaur (Volcano)
  Fannar (Lair:3)
  3 fire dragons
  A ravenous feature mimic (Swamp:2)
  An ogre mage (D:15)
  Erica (D:12)
  13 hydras
  6 alligators
  6 death yaks
  2 shambling mangroves (Swamp:3)
  A spriggan druid (Swamp:4)
  Nergalle (Lair:2)
  A death drake (Swamp:5)
  7 centaur warriors
  A flayed ghost (D:15)
  4 swamp dragons
  2 giant amoebae
  Pikel (D:6)
  2 spectral hydras (Swamp:5)
  A lindwurm (Lair:8)
  8 hill giants
  3 orc knights
  2 phantasmal warriors (Swamp:5)
  21 wolf spiders
  2 cyclopes
  An octopode (D:14)
  The ghost of MirrMurr the Covert, an experienced SpEn (D:6)
  7 red wasps
  A moth of wrath (Spider:4)
  2 spiny worms (Lair:8)
  11 spiny frogs
  6 black mambas
  A queen ant (Spider:1)
  2 vapours
  2 feature mimics
  Psyche (Orc:3)
  A yaktaur (D:15)
  7 swamp worm zombies (Swamp:5)
  12 orb spiders
  3 fire drakes (Lair:8)
  22 jumping spiders
  Grinder (D:5)
  A formicid venom mage (Spider:5)
  17 giant fireflies
  2 centaur skeletons
  5 demonic crawlers
  4 hydra zombies (Swamp:5)
  2 queen bees
  12 spriggans
  A polar bear (Lair:7)
  11 blink frogs
  Sonja (D:12)
  A queen bee (shapeshifter) (D:15)
  8 giant leeches
  3 boulder beetles
  12 komodo dragons
  9 trolls
  4 spectral swamp dragons (Swamp:5)
  5 ravens
  17 slime creatures
  3 two-headed ogres (D:15)
  2 alligator zombies (Swamp:5)
  A fire dragon zombie (D:9)
  12 bog bodies
  5 thorn lotuses
  20 tarantellas
  8 shadows
  25 trapdoor spiders
  33 redbacks
  2 formicids (Spider:3)
  A basilisk (Lair:5)
  34 yaks
  25 ugly things
  2 hill giant zombies
  3 water elementals
  16 humans
  18 sharks
  8 elephant slugs
  20 wolves
  5 wyverns
  3 fire bats (Volcano)
  2 clay golems (Volcano)
  2 steam dragons (Lair:8)
  23 vampire mosquitoes
  5 hippogriffs
  A hungry ghost (D:10)
  2 manticores (D:14)
  30 swamp worms
  3 mottled dragons
  5 soldier ants
  40 orc warriors
  13 porcupines
  7 swamp drakes
  2 freezing wraiths (D:15)
  3 necrophages (Swamp:1)
  16 ogres
  13 phantoms
  5 sky beasts
  2 slaves (D:6)
  3 swamp dragon zombies (Swamp:5)
  2 yellow wasps
  5 ice beasts
  3 black bears
  25 centaurs
  23 giant goldfish
  3 giant slugs
  22 crocodiles
  2 wargs
  5 brain worms
  21 giant frogs
  10 lava worms (Volcano)
  4 big kobolds
  A wyvern zombie (D:11)
  Blork the orc (D:5)
  A silver statue (D:10)
  11 water moccasins
  4 agate snails
  6 jellies
  24 insubstantial wisps
  A yaktaur skeleton (D:14)
  An eye of draining (D:10)
  10 wights
  A cyclops skeleton (D:12)
  A hippogriff skeleton (D:10)
  23 jellyfish
  85 killer bees
  A troll skeleton (D:12)
  3 quasits
  4 goliath beetles
  A giant frog zombie (D:9)
  7 lava snakes (Volcano)
  A pulsating lump (Lair:7)
  13 crimson imps
  16 big fish
  A black bear zombie (D:8)
  21 electric eels
  Crazy Yiuf (D:6)
  8 hounds
  25 spiders
  29 orc priests
  A spectral swamp drake (Swamp:5)
  7 orange rats (Lair:8)
  34 orc wizards
  9 scorpions
  2 spectral orcs (Lair:2)
  A water moccasin skeleton (D:11)
  4 iguanas
  25 worker ants
  15 sheep
  A killer bee zombie (D:14)
  An ogre zombie (D:11)
  A mottled dragon skeleton (D:15)
  2 mummies
  A swamp drake zombie (Swamp:5)
  20 adders
  9 gnolls
  50 green rats
  5 giant mites
  8 giant centipedes
  An inept feature mimic (D:4)
  34 worms
  2 orc skeletons
  2 giant eyeballs
  An iguana skeleton (D:8)
  10 giant geckos
  An ooze (D:3)
  173 orcs
  2 ball pythons
  18 goblins
  23 hobgoblins
  22 jackals
  8 quokkas
  17 bats
  5 giant cockroaches
  13 giant newts
  3 giant spores
  A hobgoblin zombie (D:5)
  36 kobolds
  2 kobold zombies (D:7)
  A quokka skeleton (D:8)
  20 rats
  A rat skeleton (D:5)
  19 ballistomycetes
  4 fungi
  13 plants
1777 creatures vanquished.

Vanquished Creatures (collateral kills)
  Aizul (Swamp:2)
1 creature vanquished.

Vanquished Creatures (others)
  A centaur skeleton (D:15)
  An orc warrior (Orc:4)
  A centaur (Orc:4)
  3 killer bees (D:15)
  2 orc priests (Orc:4)
  3 orcs (Orc:4)
  A hobgoblin (Orc:2)
  3 giant spores
  A bush (Lair:7)
  A fungus (Lair:8)
  5 plants
22 creatures vanquished.

Grand Total: 1800 creatures vanquished

Notes
Turn   | Place    | Note
--------------------------------------------------------------
     0 | D:1      | Gorice, the Hill Orc Wanderer, began the quest for the Orb.
     0 | D:1      | Reached XP level 1. HP: 19/19 MP: 3/3
   111 | D:1      | Reached skill level 1 in Armour
   142 | D:1      | Reached XP level 2. HP: 25/27 MP: 4/4
   215 | D:1      | Reached skill level 4 in Fighting
   425 | D:1      | Reached XP level 3. HP: 29/33 MP: 5/5
   924 | D:2      | Reached XP level 4. HP: 36/41 MP: 6/6
  1223 | D:2      | Reached skill level 5 in Fighting
  1396 | D:3      | Noticed a giant frog
  1426 | D:3      | Killed a giant frog
  1426 | D:3      | Reached XP level 5. HP: 18/49 MP: 8/8
  2046 | D:3      | Reached XP level 6. HP: 54/57 MP: 9/9
  2471 | D:4      | Reached skill level 6 in Fighting
  2781 | D:4      | Reached skill level 1 in Axes
  2912 | D:4      | Reached skill level 5 in Armour
  3315 | D:4      | Reached XP level 7. HP: 55/64 MP: 10/10
  3399 | D:4      | Found an iron altar of Okawaru.
  3407 | D:4      | Became a worshipper of Warmaster Okawaru
  3895 | D:4      | Acquired Okawaru's first power
  3999 | D:5      | Entered Level 5 of the Dungeon
  4135 | D:5      | Noticed Grinder
  4135 | D:5      | Paralysed by Grinder for 3 turns
  4143 | D:5      | Paralysed by Grinder for 4 turns
  4153 | D:5      | Killed Grinder
  4153 | D:5      | Reached XP level 8. HP: 64/71 MP: 11/11
  4326 | D:5      | Found a shadowy altar of Dithmengos.
  4635 | D:5      | Reached skill level 7 in Axes
  4686 | D:6      | Found a radiant altar of Vehumet.
  4798 | D:5      | Found an ancient bone altar of Kikubaaqudgha.
  4861 | D:6      | Noticed Blork the orc
  4883 | D:5      | Killed Blork the orc
  4912 | D:5      | Reached skill level 8 in Axes
  5011 | D:6      | Noticed MirrMurr's ghost (experienced SpEn)
  5049 | D:6      | Noticed Crazy Yiuf
  5052 | D:6      | Killed Crazy Yiuf
  5079 | D:6      | Noticed Pikel
  5112 | D:6      | Killed Pikel
  5112 | D:6      | Reached skill level 10 in Axes
  5112 | D:6      | Reached XP level 9. HP: 69/77 MP: 13/13
  5167 | D:6      | Killed MirrMurr's ghost
  5278 | D:6      | Reached skill level 11 in Axes
  6005 | D:7      | Reached skill level 12 in Axes
  6103 | D:7      | Found a staircase to the Ecumenical Temple.
  6112 | D:7      | Reached XP level 10. HP: 84/84 MP: 14/14
  6134 | Temple   | Entered the Ecumenical Temple
  6345 | D:7      | Paralysed by a giant eyeball for 2 turns
  6353 | D:7      | Got a transparent ring mail
  6385 | D:6      | Identified the +0 ring mail of the Mind {rElec} (You found it on level 7 of the Dungeon)
  6714 | D:7      | Reached skill level 13 in Axes
  6788 | D:7      | Found Gabalaeg's Food Emporium.
  7242 | D:8      | Identified the Compendium of Floating Good Luck
  7394 | D:8      | Reached skill level 10 in Armour
  7813 | D:8      | Reached skill level 14 in Axes
  8063 | Temple   | Identified a scroll of acquirement
  8209 | D:9      | Noticed an eight-headed hydra
  8539 | D:9      | Acquired Okawaru's second power
  8595 | D:9      | Reached XP level 11. HP: 84/90 MP: 16/16
  8598 | D:9      | Reached skill level 15 in Axes
  8755 | D:9      | Found a glowing golden altar of the Shining One.
  9122 | D:10     | Entered Level 10 of the Dungeon
  9144 | D:10     | Noticed a soul eater
  9571 | D:10     | Found a staircase to the Orcish Mines.
  9658 | D:10     | Noticed a hill giant
  9680 | D:10     | Killed a hill giant
  9695 | D:10     | Reached skill level 16 in Axes
 10017 | D:11     | Found a glowing golden altar of the Shining One.
 10173 | D:11     | Found a staircase to the Lair.
 10562 | D:11     | Noticed a hill giant
 10585 | D:11     | Killed a hill giant
 10692 | Lair:1   | Entered Level 1 of the Lair of Beasts
 10824 | Lair:1   | Reached skill level 17 in Axes
 10979 | Lair:1   | Received a gift from Okawaru
 10980 | Lair:1   | Got a transparent buckler {god gift}
 10988 | Lair:1   | Reached XP level 12. HP: 75/97 MP: 17/17
 10993 | Lair:1   | Identified the -2 buckler "Schuppeokh" {Str+1 Dam+5 Curse} (Okawaru gifted it to you on level 1 of the Lair of Beasts)
 10993 | Lair:1   | cursed buckler as 1st gift - i hate you Oka!
 11804 | Lair:1   | Noticed a six-headed hydra
 12253 | Lair:1   | Noticed a six-headed hydra
 12271 | Lair:1   | Killed a six-headed hydra
 12350 | Lair:1   | Killed a six-headed hydra
 12350 | Lair:1   | Reached skill level 18 in Axes
 12867 | Lair:2   | Noticed Nergalle
 12869 | Lair:2   | Noticed a spectral orc warlord
 12895 | Lair:2   | Killed Nergalle
 12926 | Lair:2   | Got a jewelled leather armour
 13078 | Lair:2   | Noticed a four-headed hydra
 13223 | Lair:2   | Identified Steank's Sorcery, Part One
 13670 | Lair:3   | Noticed Fannar
 13796 | Lair:1   | Identified the +0 leather armour "Uhown" {Str+4 Acc+5} (You found it on level 2 of the Lair of Beasts)
 13887 | D:12     | Noticed Erica
 13903 | D:12     | Killed Erica
 13903 | D:12     | Reached skill level 5 in Invocations
 14023 | D:12     | Noticed Sonja
 14031 | D:12     | Received a gift from Okawaru
 14041 | D:12     | Killed Sonja
 14046 | D:12     | Got a faintly glowing bastard sword {god gift}
 14062 | D:12     | Identified the +11,+10 bastard sword of Intuition {antimagic, +Rage Dex-1 SInv} (Okawaru gifted it to you on level 12 of the Dungeon)
 14098 | D:12     | Paralysed by a giant eyeball for 3 turns
 14108 | D:12     | Paralysed by a giant eyeball for 3 turns
 14633 | D:12     | Received a gift from Okawaru
 14748 | D:12     | Found Ocitemn's Book Boutique.
 15058 | Lair:1   | Reached XP level 13. HP: 103/103 MP: 24/24
 15099 | Lair:2   | Killed a hydra
 15332 | Lair:3   | Found a hole to the Spider Nest.
 15476 | Lair:3   | Killed Fannar
 15476 | Lair:3   | Reached skill level 19 in Axes
 15552 | Lair:3   | Noticed wojtek's ghost (powerful KoAs)
 15592 | Lair:3   | Killed wojtek's ghost
 16346 | Lair:4   | Reached skill level 1 in Evocations
 17762 | Lair:5   | Found a staircase to the Swamp.
 17926 | Lair:5   | Received a gift from Okawaru
 18795 | Lair:6   | You fall through a shaft!
 19203 | Lair:6   | Found a radiant altar of Vehumet.
 19233 | Lair:6   | Reached skill level 5 in Evocations
 19268 | Lair:6   | Got a jewelled cloak
 19272 | Lair:6   | Identified the cursed +2 cloak "Shrurouso" {rPois rN+ Dam+2} (You found it on level 6 of the Lair of Beasts)
 19596 | Lair:7   | Found a staircase to the Slime Pits.
 19873 | Lair:7   | Received a gift from Okawaru
 19880 | Lair:7   | Got a crude chain mail {god gift}
 19980 | Lair:5   | Identified the -4 chain mail "Hah Seoff" {+Inv rN+ MR++ Str+3 Acc+4} (Okawaru gifted it to you on level 7 of the Lair of Beasts)
 20060 | Lair:7   | Reached XP level 14. HP: 103/111 MP: 26/26
 20458 | Lair:7   | Reached skill level 20 in Axes
 20464 | Lair:8   | Entered Level 8 of the Lair of Beasts
 20602 | Lair:8   | Reached skill level 15 in Armour
 21084 | Lair:8   | Received a gift from Okawaru
 21085 | Lair:8   | Got a warped helmet {god gift}
 21088 | Lair:8   | Identified the -1 helmet of Refuge {rPois Acc-2} (Okawaru gifted it to you on level 8 of the Lair of Beasts)
 21459 | Lair:8   | double dragon end again!
 21608 | Lair:8   | Upgraded the game from 0.14-a0-2374-ge879b5e to 0.14-a0-2381-g4cacdb4
 23007 | Orc:1    | Entered Level 1 of the Orcish Mines
 24454 | Orc:3    | Found a dark tunnel.
 24454 | Orc:3    | Noticed Psyche
 24465 | Orc:3    | Killed Psyche
 24485 | Volcano  | Entered a volcano
 24605 | Volcano  | Received a gift from Okawaru
 24698 | Volcano  | Found a burning altar of Makhleb.
 25235 | Orc:3    | Found a roughly hewn altar of Beogh.
 25289 | Orc:3    | Found a staircase to the Elven Halls.
 25570 | Orc:4    | Entered Level 4 of the Orcish Mines
 25802 | Orc:4    | Found a gateway to a bazaar.
 25828 | Bazaar   | Entered a bazaar
 25828 | Bazaar   | Found Ynaon's Book Shoppe.
 25830 | Bazaar   | Found Baecs' Magic Scroll Emporium.
 25832 | Bazaar   | Found Rali's Gadget Shoppe.
 25844 | Bazaar   | Found Mnouny's Antique Armour Shop.
 25852 | Bazaar   | Found Psuogaoc's Antique Weapon Emporium.
 25902 | Bazaar   | Bought a scroll of identify for 20 gold pieces
 25902 | Bazaar   | Bought a scroll of identify for 20 gold pieces
 25902 | Bazaar   | Bought a scroll of blinking for 55 gold pieces
 25902 | Bazaar   | Bought a scroll of identify for 20 gold pieces
 25929 | Bazaar   | Bought a glowing plate armour for 414 gold pieces
 25953 | Bazaar   | Bought a glowing plate armour for 414 gold pieces
 26004 | Bazaar   | Bought a pair of elven gloves for 25 gold pieces
 26420 | Orc:4    | HP: 3/111 [orc warrior/uncursed orcish great mace (26)]
 26996 | Orc:4    | Found Cuph's Book Boutique.
 26996 | Orc:4    | Found Epemuecacs' Jewellery Shoppe.
 26999 | Orc:4    | Found Kezxar's Jewellery Emporium.
 27001 | Orc:4    | Found Wiuharay's Antique Weapon Shop.
 27068 | Orc:4    | Bought the ring "Utamuen" {SustAb rF+} for 441 gold pieces
 27081 | Orc:4    | Reached XP level 15. HP: 111/117 MP: 27/27
 27942 | Lair:8   | Received a gift from Okawaru
 27942 | Lair:8   | Reached skill level 21 in Axes
 27956 | Lair:8   | Got a faintly glowing ring mail {god gift}
 28400 | Lair:1   | Identified the +4 ring mail "Gisighucs" {Dex+1} (Okawaru gifted it to you on level 8 of the Lair of Beasts)
 29896 | D:9      | Killed a one-headed hydra
 30452 | D:14     | Received a gift from Okawaru
 30455 | D:14     | Noticed Donald
 30470 | D:14     | Killed Donald
 30497 | D:14     | Noticed Rupert
 30647 | D:14     | Killed Rupert
 30839 | D:14     | Found a gate to the Vaults.
 31077 | D:14     | Noticed Norris
 31101 | D:14     | Killed Norris
 31531 | D:15     | Entered Level 15 of the Dungeon
 31600 | D:14     | Received a gift from Okawaru
 31600 | D:14     | Reached skill level 10 in Fighting
 31937 | D:14     | Reached XP level 16. HP: 119/134 MP: 28/28
 31972 | D:14     | Reached skill level 22 in Axes
 33260 | Swamp:1  | Entered Level 1 of the Swamp
 33272 | Swamp:1  | Received a gift from Okawaru
 34451 | Swamp:1  | Got a pair of warped gloves
 34455 | Swamp:1  | Identified the -2 pair of gloves "Fedwiax" {rElec rC+ MR++} (You acquired it on level 1 of the Swamp)
 34680 | Swamp:2  | Noticed Aizul
 34728 | Swamp:2  | HP: 2/139 [Aizul (9)]
 34728 | Swamp:2  | Killed Aizul
 34729 | Swamp:2  | 2hp - phew!
 35070 | Swamp:2  | Received a gift from Okawaru
 35074 | Swamp:2  | Got a brightly glowing battleaxe {god gift}
 35075 | Swamp:2  | Identified the +8,+3 battleaxe of Smudoy {freeze, +Inv rElec rC+} (Okawaru gifted it to you on level 2 of the Swamp)
 35746 | Swamp:3  | Reached skill level 23 in Axes
 35792 | Swamp:3  | Reached XP level 17. HP: 124/148 MP: 29/29
 36221 | Swamp:3  | Received a gift from Okawaru
 37594 | Swamp:5  | Entered Level 5 of the Swamp
 38643 | Swamp:5  | Noticed a bone dragon
 38828 | Swamp:5  | Killed a bone dragon
 38828 | Swamp:5  | Received a gift from Okawaru
 38846 | Swamp:5  | Got a decaying rune of Zot
 39605 | Spider:1 | Entered Level 1 of the Spider Nest
 40206 | Spider:1 | Got a smoking leather armour
 40375 | Lair:3   | Identified the +2 leather armour of Calculation {Str+5 Dex-3 Int+4} (You found it on level 1 of the Spider Nest)
 41953 | Spider:4 | Reached XP level 18. HP: 158/161 MP: 30/30
 42110 | Spider:4 | Reached skill level 24 in Axes
 42891 | Spider:5 | Entered Level 5 of the Spider Nest
 42914 | Spider:5 | Received a gift from Okawaru
 43709 | Spider:5 | Reached skill level 15 in Fighting
 43903 | Spider:5 | Received a gift from Okawaru
 44624 | Spider:5 | HP: 1/163 [emperor scorpion (11)]
 44624 | Spider:5 | Slain by an emperor scorpion

Action                   |  1- 3 |  4- 6 |  7- 9 | 10-12 | 13-15 | 16-18 || total
-------------------------+-------+-------+-------+-------+-------+-------++-------
Melee: Spear             |   121 |   281 |       |       |       |       ||   402
       Hand axe          |       |    64 |   440 |       |       |       ||   504
       Broad axe         |       |       |    25 |   234 |       |       ||   259
       Battleaxe         |       |       |       |   762 |    37 |       ||   799
       Staff             |       |       |       |     5 |       |       ||     5
       Executioner's axe |       |       |       |     1 |  1926 |  1719 ||  3646
       Unarmed           |       |       |       |     1 |       |       ||     1
       Scimitar          |       |       |       |       |    51 |       ||    51
       Demon blade       |       |       |       |       |     9 |       ||     9
 Fire: Blowgun           |       |    35 |    17 |    10 |    18 |     7 ||    87
       Sling             |       |       |    16 |    62 |    73 |    23 ||   174
Throw: Tomahawk          |    11 |    20 |     8 |    33 |    15 |    29 ||   116
       Throwing net      |       |       |       |       |       |     1 ||     1
Invok: Heroism           |       |       |     6 |     8 |    12 |     6 ||    32
       Finesse           |       |       |       |     1 |     1 |     1 ||     3
 Abil: Evoke Flight      |       |       |       |       |     1 |     6 ||     7
       Evoke Jump Attack |       |       |       |       |       |     1 ||     1
Evoke: Wand              |       |     1 |     3 |    18 |    12 |    11 ||    45
       Fan of gales      |       |       |       |       |       |     1 ||     1
  Use: Scroll            |     4 |     4 |     7 |    19 |     6 |    13 ||    53
       Potion            |       |       |     3 |       |     5 |    16 ||    24
 Stab: Distracted        |       |       |       |       |     1 |       ||     1
       Held in net/web   |       |       |       |       |       |     2 ||     2
